 Seeded DCSS version 0.29-a0-517-gbdf32494f2 (webtiles) character file.

Game seed: 20220530 (custom seed)

129 a11behringer the Slasher (level 5, -6/39 HPs)
             Began as a Djinni Gladiator on May 30, 2022.
             Mangled by a gnoll
             ... wielding a +0 spear
              (8 damage)
             ... on level 3 of the Dungeon.
             The game lasted 00:06:31 (2695 turns).

a11behringer the Slasher (Djinni Gladiator)         Turns: 2695, Time: 00:06:31

Health: -6/39      AC:  4    Str: 13    XL:     5   Next: 35%
Gold:   97         EV: 17    Int: 10    God:
                   SH:  5    Dex: 16

rFire   + + .      SeeInvis .   a - +0 long sword
rCold   . . .      Faith    .   (no shield)
rNeg    . . .      Spirit   .   b - +0 leather armour
rPois   ∞          Reflect  +   c - +0 helmet
rElec   .          Harm     .   (no cloak)
rCorr   .          Rampage  .   (no gloves)
Will    .....                   (boots unavailable)
Stlth   +.........              m - amulet of reflection
HPRegen 0.13/turn               g - ring of protection from cold
MPRegen 0.00/turn               s - +4 ring of evasion

@: flying
A: sickness immunity, fire resistance 2, cold vulnerability 1, float, innate
caster, HP casting, extra vitality 1
a: no special abilities


You were on level 3 of the Dungeon.
You visited 1 branch of the dungeon, and saw 4 of its levels.

You collected 97 gold pieces.

Inventory:

Hand Weapons
 a - a +0 long sword (weapon)
 l - a +1 dagger of venom
 t - a +0 rapier
Missiles
 d - 3 throwing nets (quivered)
 e - a javelin
 p - 16 poisoned darts
Armour
 b - a +0 leather armour (worn)
 c - a +0 helmet (worn)
Jewellery
 g - a ring of protection from cold (left hand)
 m - an amulet of reflection (around neck)
 s - a +4 ring of evasion (right hand)
Scrolls
 i - 2 scrolls of fear
Potions
 f - a potion of brilliance {unknown}
 h - 2 potions of degeneration
 j - a potion of attraction {unknown}
 k - a potion of berserk rage {unknown}
 n - a potion of flight {unknown}
 q - a potion of magic {unknown}


   Skills:
 + Level 2.4 Fighting
 * Level 4.2 Long Blades
 + Level 1.5 Throwing
 + Level 1.4 Armour
 + Level 3.6 Dodging
 + Level 0.4 Stealth
 + Level 0.2 Shields
 * Level 0.3 Spellcasting


You had one spell level left.
You knew the following spells:

 Your Spells              Type           Power      Damage    Failure   Level
a - Slow                  Hex            0%         N/A       38%         1
b - Wereblood             Tmut           0%         N/A       52%         2
Your spell library was empty.

Dungeon Overview and Level Annotations

Branches:
Dungeon (4/15)
 Temple: D:4-7

Altars:


Innate Abilities, Weirdness & Mutations

You are immune to sickness and miasma.
You are immune to poison.
Your flesh is very heat resistant. (rF++)
You are vulnerable to cold. (rC-)
You float through the air rather than walking.
You learn spells naturally, not from books.
Your magical power is your life essence.
You have superior vitality. (+4 MHP)


Message History

Things that are here:
a +1 dagger of venom; an orc corpse
There is a stone staircase leading up here.
Things that are here:
a +0 club; a goblin corpse You fly upwards.
The orc hits you with a +0 club.
The orc priest mumbles some strange prayers to Beogh against you.
Pain shoots through your body!
There is a stone staircase leading down here.
The orc priest begins to cast a cantrip, but forgets the words!
The orc closely misses you. The gnoll misses you.
You slash the orc priest!
The orc priest is heavily wounded.
You block the orc priest's attack. The orc misses you.
The gnoll hits you from afar with a +0 spear.
You barely miss the orc priest.
The orc priest is heavily wounded.
The orc priest hits you but does no damage.
The orc misses you.
The gnoll hits you from afar with a +0 spear.
You slash the orc priest!
The orc priest is almost dead.
The orc priest invokes the aid of Beogh against you.
Beogh smites you!
* * * LOW HITPOINT WARNING * * *
The orc completely misses you. The gnoll misses you.
You block the orc's attack.
The orc priest hits you with a +2 short sword of holy wrath.
* * * LOW HITPOINT WARNING * * *
The gnoll hits you from afar with a +0 spear.
* * * LOW HITPOINT WARNING * * *
You hit the orc priest.
You kill the orc priest!
The orc hits you with a +0 club.
* * * LOW HITPOINT WARNING * * *
The gnoll completely misses you. The orc attacks as you move away!
The orc hits you with a +0 club.
* * * LOW HITPOINT WARNING * * *
The gnoll hits you with a +0 spear!
You die...

## #### #. ...# #.
#..##### #.
#......####
######.##..........
#..................
#......>...........
#.......o..........
#######)@g.........
......#............
#............#......
#............##...##
#....)...#..#.......
#...........#.......
#...................
#...................
#....#....#o###...##


You could see a gnoll and an orc.

Vanquished Creatures
  An orc priest (D:3)
  3 adders (D:2)
  3 dart slugs
  4 orcs (D:4)
  8 ball pythons
  3 endoplasms
  2 giant cockroaches (D:2)
  7 goblins
  6 hobgoblins
  3 jackals (D:1)
  5 kobolds
  A quokka (D:2)
  5 bats
  3 frilled lizards (D:2)
  3 rats
57 creatures vanquished.

Notes
Turn   | Place    | Note
-------+----------+-------------------------------------------
     0 | D:1      | a11behringer the Djinni Gladiator began the quest for the
                  | Orb.
     0 | D:1      | Reached XP level 1. HP: 18/18 MP: 0/0
    90 | D:1      | Reached XP level 2. HP: 13/23 MP: 0/0
   233 | D:1      | Found a faded altar of an unknown god.
   378 | D:1      | Reached skill level 3 in Long Blades
   844 | D:1      | Reached XP level 3. HP: 20/28 MP: 0/0
   844 | D:1      | Learned a level 1 spell: Slow
  1616 | D:2      | Reached skill level 1 in Armour
  1631 | D:2      | Reached XP level 4. HP: 18/33 MP: 0/0
  2550 | D:4      | Reached skill level 4 in Long Blades
  2624 | D:4      | Reached XP level 5. HP: 27/39 MP: 0/0
  2624 | D:4      | Learned a level 2 spell: Wereblood
  2695 | D:3      | Mangled by a gnoll

Illustrated notes

Levels and vault maps discovered:
D:1:      dpeg_arrival_lava_temple_mockup, layout_loops_ring,
          shapermc_ecumenical_altar_gd, dk_noncrumbling_3,
          minmay_misc_feat_diagonals, kennysheep_decorative_pillar,
          chequers_serial_rivers_micro_e
D:2:      layout_basic, minmay_small_reverse_x
D:3:      layout_basic
D:4:      layout_rooms, ebering_ghost_sewer_f, uniq_duvessa, uniq_menkaure,
          uniq_edmund

Skill      XL: |  1  2  3  4 |
---------------+-------------+-----
Long Blades    | 3 4 |  4.2
Armour         | 1 |  1.4
Fighting       | |  2.4
Throwing       | |  1.5
Dodging        | |  3.6
Stealth        | |  0.4
Shields        | |  0.2
Spellcasting   | |  0.3

Action                   |  1- 3 |  4- 6 || total
-------------------------+-------+-------++-------
Melee: Long sword        |    95 |    60 ||   155
       Punch             |     1 |       ||     1
  Use: Scroll            |       |     5 ||     5
 Stab: Sleeping          |       |     1 ||     1
Armor: Leather armour    |    30 |    10 ||    40
Dodge: Dodged            |    94 |    71 ||   165
Block: Other             |       |     7 ||     7

Table legend: (Time is in decaauts)
 A = Elapsed time spent in this place.
 B = Non-inter-level travel time spent in this place.
 C = Inter-level travel time spent in this place.
 D = Time resting spent in this place.
 E = Time spent auto-exploring this place.
 F = Levels seen in this place.
 G = Mean time per level.
                   A        B        C        D        E       F      G
               +--------+--------+--------+--------+--------+-----+--------+
         Total |   2730 |   2533 |    197 |      0 |   2089 |   4 |  682.5 |
       Dungeon |   2730 |   2533 |    197 |      0 |   2089 |   4 |  682.5 |
               +--------+--------+--------+--------+--------+-----+--------+

Top non-repeatable levels by time:
     D:1: 1526 daAuts
     D:2: 1028 daAuts
     D:4: 143 daAuts
     D:3: 31 daAuts
